 Dungeon Crawl Stone Soup version 0.17.0-1-g61d176b (console) character file.

72 gw the Skirmisher (level 4, -2/38 HPs)
             Began as a Centaur Gladiator on Nov 8, 2015.
             Was a Follower of Zin.
             Slain by an orc
             ... wielding a +0 trident
              (3 damage)
             ... on level 3 of the Dungeon.
             The game lasted 00:02:34 (2670 turns).

gw the Skirmisher (Centaur Gladiator)               Turns: 2670, Time: 00:02:34

Health: -2/38      AC:  9    Str: 17    XL:     4   Next: 6%
Magic:  4/4        EV:  3    Int:  7    God:    Zin [*.....]
Gold:   94         SH:  0    Dex: 11    Spells: 0 memorised, 3 levels left

rFire  . . .     SeeInvis .     b - +0 short sword
rCold  . . .     Clarity  .     a - +0 plate armour
rNeg   . . .     SustAt   .     (no shield)
rPois  .         Gourm    .     c - +0 helmet
rElec  .         Spirit   .     (no cloak)
rCorr  .         Warding  .     (no gloves)
rMut   .         Stasis   .     (no barding)
MR     .....                    f - amulet of inaccuracy (curse)
Stlth  ..........               (no ring)
                                (no ring)

@: short of breath, very quick, not resistant to hostile enchantments, extremely
unstealthy
A: hooves 3, deformed body, speed 2, tough skin 3
a: Recite, Donate Gold, Renounce Religion


You were on level 3 of the Dungeon.
You worshipped Zin.
Zin was aware of your devotion.
You were near starving.

You visited 1 branch of the dungeon, and saw 3 of its levels.

You collected 104 gold pieces.
You donated 10 gold pieces to Zin.

Inventory:

Hand Weapons
 b - a +0 short sword (weapon)
Missiles
 d - 3 throwing nets
Armour
 a - a +0 plate armour (worn)
 c - a +0 helmet (worn)
Jewellery
 f - a cursed amulet of inaccuracy (around neck)
Comestibles
 e - a bread ration


   Skills:
 + Level 3.3 Fighting
   Level 2.9 Polearms
 - Level 2.1 Throwing
 + Level 1.5 Armour
 - Level 2.1 Dodging


You had 3 spell levels left.
You didn't know any spells.

Dungeon Overview and Level Annotations

Branches:
Dungeon (3/15)

Altars:
Elyvilon
Fedhas
Zin

Annotations:
D:2 exclusion: downstairs


Innate Abilities, Weirdness & Mutations

You have hooves in place of feet.
Armour fits poorly on your strangely shaped body.
You cover ground very quickly.
You have extremely tough skin (AC +3).


Message History

Unknown command.
Unknown command.
Unknown command.
Unknown command.
MOVING TO (1,2)
The orc hits you from afar with a trident.
Unknown command.
Unknown command.
Unknown command.
ATTACK MOVE TO (0,-1)
The orc hits you but does no damage.
Unknown command.
Unknown command.
Unknown command.
Unknown command.
ATTACK MOVE TO (0,-1)
You hit the orc.
The orc is severely wounded.
The orc hits you with a trident.
You die...

##..###.#.#.#.#..##..#
........#...#...%###.#
######..##.#####.#.####.#
................?........
......#..#.#####.#......#
......'......# #.#.......
......##)#.#.# # #.#.#.##
...oo #o#.#.# #?......
.... #c#.#.# #...#.## ...
#...#.# #.#..... ..
##..#.# #.###### # #..#..
#....... ##.### ########
.. >## .# .#


You could see an orc.

Table legend:
 A = Turns spent in this place as a percentage of turns spent in the entire game.
 B = Non-inter-level travel turns spent in this place as a percentage of non-inter-level travel turns spent in the entire game.
 C = Inter-level travel turns spent in this place as a percentage of turns spent in this place.
 D = Turns resting spent in this place as a percentage of non-inter-level travel turns spent in this place.
 E = Turns spent auto-exploring this place as a percentage of non-inter-level travel turns spent in this place.
 F = Non-inter-level travel turns spent in this place divided by the number of levels of this place that you've seen.
                   A       B       C       D       E      F
               +-------+-------+-------+-------+-------+----------------------
         Total | 100.0 | 100.0 |   0.3 |   1.1 |   2.1 | 1225.3
       Dungeon | 100.0 | 100.0 |   0.3 |   1.1 |   2.1 | 1225.3
               +-------+-------+-------+-------+-------+----------------------

Table legend:
 A = Kills in this place as a percentage of kills in entire the game.
 B = Kills by you in this place as a percentage of kills by you in the entire game.
 C = Kills by friends in this place as a percentage of kills by friends in the entire game.
 D = Other kills in this place as a percentage of other kills in the entire game.
 E = Experience gained in this place as a percentage of experience gained in the entire game.
 F = Experience gained in this place divided by the number of levels of this place that you have seen.
                   A       B       C       D       E      F
               +-------+-------+-------+-------+-------+----------------------
         Total | 100.0 | 100.0 |  -nan |  -nan | 100.0 |  34.3
       Dungeon | 100.0 | 100.0 |  -nan |  -nan | 100.0 |  34.3
               +-------+-------+-------+-------+-------+----------------------

Vanquished Creatures
  3 adders (D:2)
  An ooze (D:2)
  4 orcs (D:3)
  A bat (D:1)
  2 giant cockroaches
  4 hobgoblins
  4 jackals (D:1)
  4 kobolds
  2 giant geckos
  2 giant newts
  3 goblins
  6 rats
36 creatures vanquished.

Notes
Turn   | Place    | Note
--------------------------------------------------------------
     0 | D:1      | gw the Centaur Gladiator began the quest for the Orb.
     0 | D:1      | Reached XP level 1. HP: 17/17 MP: 1/1
   426 | D:1      | Reached XP level 2. HP: 18/24 MP: 2/2
  1205 | D:2      | Reached skill level 1 in Armour
  1205 | D:2      | Reached XP level 3. HP: 27/30 MP: 3/3
  1571 | D:2      | Found a white marble altar of Elyvilon.
  1624 | D:2      | Reached skill level 3 in Fighting
  1691 | D:2      | Found a blossoming altar of Fedhas.
  1981 | D:2      | Found a glowing silver altar of Zin.
  1984 | D:2      | Became a worshipper of Zin the Law-Giver
  2367 | D:3      | Reached * piety under Zin
  2577 | D:3      | Reached XP level 4. HP: 35/38 MP: 4/4
  2658 | D:3      | Zin protects you from harm!
  2668 | D:3      | HP: 1/38 [orc/trident (3)]
  2670 | D:3      | Slain by an orc

Action                   |  1- 3 |  4- 6 || total
-------------------------+-------+-------++-------
Melee: Trident           |    47 |       ||    47
       Short sword       |   130 |    26 ||   156
Invok: Recite            |       |     1 ||     1
  Eat: Chunk             |     3 |       ||     3

Vault maps used:
D:1:      ncdulo_smallfort
D:2:      lemuel_doored_altar, zin_statuary, fedhas_altar_2
D:3:      portal_sewer_entry_f, ecumenical_altar_1
